 Dungeon Crawl Stone Soup version 0.16-a0-2652-gd333f3b (console) character file.

184 utis the Vexing (level 5, -2/35 HPs)
             Began as a Vampire Enchanter on Nov 23, 2014.
             Killed from afar by an orc wizard (3 damage)
             ... with a puff of flame
             ... on level 3 of the Dungeon.
             The game lasted 00:14:52 (6361 turns).

utis the Vexing (Vampire Enchanter)                 Turns: 6361, Time: 00:14:52

Health: -2/35      AC:  3    Str:  8    XL:     5   Next: 36%
Magic:  0/9        EV: 12    Int: 17    God:
Gold:   124        SH:  0    Dex: 14    Spells: 3 memorised, 2 levels left

rFire  . . .     SeeInvis +     a - +2 dagger
rCold  + + .     Clarity  .     b - +1 robe
rNeg   + + +     SustAb   .     (no shield)
rPois  +         Gourm    .     (no helmet)
rElec  .         Spirit   .     (no cloak)
rCorr  .         Warding  .     (no gloves)
rMut   .         Stasis   .     (no boots)
MR     .....                    m - amulet of faith {!P}
Stlth  +++.......               (no ring)
                                (no ring)

@: very slightly contaminated, regenerating slowly, not resistant to hostile
enchantments, fairly stealthy
A: bottle blood, fangs 3, see invisible, unbreathing
a: Bat Form


You were on level 3 of the Dungeon.
You were near bloodless.

You visited 1 branch of the dungeon, and saw 3 of its levels.

You collected 124 gold pieces.

Inventory:

Hand weapons
 a - a +2 dagger (weapon)
 i - a +0 short sword
 p - a +0 hunting sling
Missiles
 e - 126 stones (quivered)
 r - 54 sling bullets
Armour
 b - a +1 robe (worn)
 n - a +0 cloak
 q - a +0 helmet
Jewellery
 m - an amulet of faith (around neck) {!P}
Scrolls
 o - 2 scrolls of immolation {unknown}
 s - a scroll of identify {unknown}
Potions
 d - 2 potions of curing {unknown}
 f - 3 potions of agility {unknown}
 g - 2 potions of confusion {unknown}
 h - a potion of heal wounds {unknown}
 j - a potion of haste {unknown}
 k - a potion of lignification {unknown}
 l - 10 potions of blood
 t - a potion of flight {unknown}
Books
 c - a book of Maledictions

   Spells                             Type                      Level
   *Corona                            Hexes                        1
   Sure Blade                         Hexes/Charms                 2
   *Ensorcelled Hibernation           Hexes/Ice                    2
   *Confuse                           Hexes                        3
   Dazzling Spray                     Conjuration/Hexes            3
   Enslavement                        Hexes                        4


   Skills:
 - Level 3.0 Short Blades
 - Level 2.1 Dodging
 - Level 4.4 Stealth
 - Level 2.0 Spellcasting
 + Level 6.4 Hexes
 + Level 2.9 Ice Magic


You had 2 spell levels left.
You knew the following spells:

 Your Spells              Type           Power        Failure   Level  Hunger
a - Confuse               Hex            ###.....     6%          3    ###....
e - Ensorcelled Hibernat  Hex/Ice        ###...       4%          2    ###....
Z - Corona                Hex            ###....      1%          1    #......


Dungeon Overview and Level Annotations

Branches:
Dungeon (3/15)

Altars:
Elyvilon
Gozag
Xom

Annotations:
D:3 exclusions: adder, bat, 2 orcs, orc wizard and worm


Innate Abilities, Weirdness & Mutations

You heal slowly.
You can bottle blood from corpses.
You have razor-sharp teeth.
You have supernaturally acute eyesight.
You can survive without breathing.


Message History

You are very lightly contaminated with residual magic.
Nothing appears to happen.
* * * LOW MAGIC WARNING * * *
The quokka closely misses you. The orc wizard barely misses you.
You closely miss the orc wizard. The quokka barely misses you.
You hit the orc wizard but do no damage.
The quokka barely misses you.
The orc wizard points at you and mumbles some strange words.
The puff of flame hits you!
* * * LOW HITPOINT WARNING * * *
You barely miss the orc wizard.
The quokka bites you but does no damage.
The orc wizard casts a spell at you. The magic dart hits you!
* * * LOW HITPOINT WARNING * * *
You barely miss the orc wizard. The quokka bites you.
* * * LOW HITPOINT WARNING * * *
The orc wizard gestures at you while chanting.
The puff of flame hits you!
You die...

▓▓▓ ..▓ ▓▓ ▓.▓▓▓▓▓▓▓▓▓▓▓▓▓▓▓ ▓.
▓......[........▓▓▓▓▓▓▓▓▓▓▓▓▓▓▓▓.
▓▓▓▓▓▓........)oV.)..........).▓.
▓▓▓▓▓▓.▓▓▓▓▓▓▓▓r▓▓▓▓▓▓▓▓▓▓▓▓▓▓.▓.
...%.▓.▓ ▓.▓ ▓.▓. ▓▓▓▓)▓.▓ ▓.▓
▓.▓. ▓.▓.▓ ▓.▓ ▓.▓. ▓.▓.▓ ▓.▓
▓.▓. ▓.▓.▓ ▓.▓ ▓.▓. ▓▓▓▓.▓.▓ ▓.▓
▓.▓. .....▓.▓ ▓.▓▓▓▓▓▓▓▓▓▓▓▓▓▓.▓.


You could see an orc wizard and a quokka.

Vanquished Creatures
  An orc priest (D:3)
  Robin (D:2)
  2 adders
  A gnoll (D:1)
  A giant mite (D:2)
  4 worms (D:2)
  3 giant geckos
  2 oozes
  5 orcs (D:3)
  11 bats
  3 giant cockroaches
  10 hobgoblins
  A quokka (D:3)
  2 giant newts
  16 goblins
  8 kobolds
  8 rats
79 creatures vanquished.

Notes
Turn   | Place    | Note
--------------------------------------------------------------
     0 | D:1      | utis, the Vampire Enchanter, began the quest for the Orb.
     0 | D:1      | Reached XP level 1. HP: 13/13 MP: 3/3
   587 | D:1      | Reached XP level 2. HP: 19/19 MP: 4/4
   591 | D:1      | Learned a level 2 spell: Ensorcelled Hibernation
  1780 | D:1      | Reached XP level 3. HP: 6/24 MP: 3/6
  2262 | D:1      | Learned a level 3 spell: Confuse
  2347 | D:1      | Reached skill level 1 in Ice Magic
  3119 | D:1      | Reached skill level 5 in Hexes
  3745 | D:2      | Found a white marble altar of Elyvilon.
  4116 | D:2      | Reached XP level 4. HP: 30/30 MP: 4/7
  4392 | D:2      | Noticed Robin
  4610 | D:2      | Killed Robin
  4909 | D:2      | Found a shimmering altar of Xom.
  4910 | D:2      | Found an opulent altar of Gozag.
  5773 | D:3      | Reached skill level 6 in Hexes
  5773 | D:3      | Reached XP level 5. HP: 35/35 MP: 9/9
  6361 | D:3      | HP: 1/35 [quokka (2)]
  6361 | D:3      | Killed from afar by an orc wizard

Action                   |  1- 3 |  4- 6 || total
-------------------------+-------+-------++-------
Melee: Dagger            |    34 |    93 ||   127
       Short sword       |    98 |       ||    98
Throw: Stone             |     3 |     5 ||     8
 Cast: Ensorcelled Hiber |    12 |    23 ||    35
       Confuse           |     2 |     2 ||     4
  Use: Potion            |     3 |     2 ||     5
       Scroll            |     2 |       ||     2
 Stab: Sleeping          |    11 |    19 ||    30
       Confused          |       |     1 ||     1
  Eat: Corpse            |     1 |       ||     1
